 Dungeon Crawl Stone Soup version 0.29-a0-550-g81e455f4c2 (webtiles) character file.

Game seed: 10488093571533937696

162 Lekart the Skirmisher (level 5, -9/46 HPs)
             Began as a Draconian Abyssal Knight on June 5, 2022.
             Was a Priest of Lugonu.
             Mangled by an ogre
             ... wielding a +0 giant spiked club
              (12 damage)
             ... on level 4 of the Dungeon.
             The game lasted 00:03:51 (2984 turns).

Lekart the Skirmisher (Draconian Abyssal Knight)    Turns: 2984, Time: 00:03:52

Health: -9/46      AC: 11    Str: 15    XL:     5   Next: 19%
Magic:  7/7        EV: 12    Int: 11    God:    Lugonu [***...]
Gold:   121        SH:  0    Dex: 13    Spells: 4/4 levels left

rFire   . . .      SeeInvis .   a - +1 hand axe (venom)
rCold   . . .      Faith    .   (no shield)
rNeg    . . .      Spirit   .   (body armour unavailable)
rPois   .          Reflect  .   (helmet restricted)
rElec   .          Harm     .   (no cloak)
rCorr   .          Rampage  .   o - +2 pair of gloves
Will    .....                   c - +2 pair of boots
Stlth   +.........              (no amulet)
HPRegen 0.15/turn               (no ring)
MPRegen 0.10/turn               (no ring)

@: no status effects
A: AC +5, unfitting armour, cold-blooded
a: Renounce Religion, Depart the Abyss, Bend Space, Banish


You were on level 4 of the Dungeon.
You worshipped Lugonu.
Lugonu was most pleased with you.
You visited 1 branch of the dungeon, and saw 4 of its levels.
You visited the Abyss 1 time.

You collected 121 gold pieces.

Inventory:

Hand Weapons
 a - a +1 hand axe of venom (weapon)
Missiles
 p - a throwing net
Armour
 c - a +2 pair of boots (worn)
 o - a +2 pair of gloves (worn)
Wands
 b - a wand of iceblast (2)
Scrolls
 h - a scroll of fear
 m - a scroll of silence
 r - 2 scrolls of teleportation
Potions
 d - a potion of haste
 e - a potion of lignification
 f - a potion of curing {unknown}
 g - 2 potions of ambrosia {unknown}
 i - a potion of flight {unknown}
 j - a potion of cancellation {unknown}
 k - a potion of mutation {unknown}
 l - a potion of brilliance {unknown}
 s - a potion of magic {unknown}


   Skills:
 + Level 4.2 Fighting
 + Level 3.6 Axes
 + Level 2.9 Dodging
 * Level 3.1 Invocations


You had 4 spell levels left.
You didn't know any spells.
Your spell library contained the following spells:

 Spells                   Type           Power      Damage    Failure   Level
 Apportation              Tloc           0%         N/A       34%         1
 Necrotize                Necr           0%         1d4       34%         1
 Summon Small Mammal      Summ           0%         N/A       34%         1
 Stone Arrow              Conj/Erth      0%         3d7       71%         3
 Summon Ice Beast         Ice/Summ       0%         N/A       98%         4
 Summon Mana Viper        Hex/Summ       0%         N/A       100%        5
 Monstrous Menagerie      Summ           0%         N/A       100%        7
 Lehudib's Crystal Spear  Conj/Erth      0%         10d2      100%        8
 Animate Armour           Summ/Erth      Unusable   N/A       N/A         4

Dungeon Overview and Level Annotations

Branches:
Dungeon (4/15)
 Temple: D:4-7

Altars:
Dithmenos
Elyvilon


Innate Abilities, Weirdness & Mutations

Your plain brown scales are hard. (AC +5)
You cannot fit into any form of body armour.
You are cold-blooded and may be slowed by cold attacks.


Message History

Found a club.
No target in view!
A ball python comes into view.
The ball python hisses angrily.
A ball python is nearby!
A ball python is nearby!
A ball python is nearby!
You slash the ball python!
You kill the ball python!
Lugonu accepts your kill.
Found a shadowy altar of Dithmenos.
No target in view!
Found a spear.
No target in view!
An ogre is nearby!
An ogre is nearby!
The ogre shouts!
An ogre is nearby!
An ogre is nearby!
You barely miss the ogre.
Your tail-slap misses the ogre.
The ogre closely misses you.
A goblin comes into view. It is wielding a +0 club.
There are monsters nearby!
The goblin shouts!
You hit the ogre.
The ogre is poisoned.
The ogre is lightly wounded.
You hit the ogre.
The ogre looks as sick as possible!
The ogre is moderately wounded.
The ogre hits you with a +0 giant spiked club!!
You hit the ogre but do no damage.
The ogre looks as sick as possible!
The ogre is moderately wounded.
The ogre hits you with a +0 giant spiked club!!
Ouch! That really hurt!
* * * LOW HITPOINT WARNING * * *
You are too injured to fight recklessly!
Press: ? - help, Shift-Dir - straight line, f - ogre
Aim: an ogre, wielding a +0 giant spiked club (moderately wounded, extremely poisoned, chance to affect: 81%)
You fail to use your ability.
The ogre hits you with a +0 giant spiked club!
You die...

..#$).$.#...#...........
..#.....#...#...........
..'.._.$#..#......##....
..#$.$$.#..##...........
..#$....#.##...........#
..#######.........#...##
..............#......##
........##....#.#....##
.......@..............##
.......O.....##.##.....#
.............##..#......
...#...g...........##...
.. ##........##......#.#
. #............#####..
.............. #..
........#.##.#. ##..
#)...###...


You could see an ogre (extremely poisoned) and a goblin.

Vanquished Creatures
  A hound (D:4)
  Natasha (D:3)
  3 gnolls (D:4)
  An adder (D:2)
  An ufetubus (D:3)
  8 orcs (D:3)
  4 bats
  7 endoplasms
  2 giant cockroaches
  4 goblins
  7 hobgoblins
  A quokka (D:2)
  5 ball pythons
  2 frilled lizards
  5 kobolds
  3 rats
55 creatures vanquished.

Vanquished Creatures (others)
  3 withered plants (D:2)
3 creatures vanquished.

Grand Total: 58 creatures vanquished

Notes
Turn   | Place    | Note
-------+----------+-------------------------------------------
     0 | Abyss:1  | Lekart the Draconian Abyssal Knight began the quest for the
                  | Orb.
     0 | Abyss:1  | Reached XP level 1. HP: 19/19 MP: 2/2
     6 | D:1      | Escaped the Abyss
   260 | D:1      | Reached XP level 2. HP: 26/26 MP: 3/3
   945 | D:2      | Reached XP level 3. HP: 30/33 MP: 4/4
  1229 | D:2      | Found a faded altar of an unknown god.
  1505 | D:2      | Reached skill level 4 in Fighting
  1885 | D:3      | Reached *** piety under Lugonu
  2245 | D:3      | Reached XP level 4. HP: 39/40 MP: 4/6
  2265 | D:3      | Noticed Natasha
  2271 | D:3      | Killed Natasha
  2701 | D:4      | Found a white marble altar of Elyvilon.
  2712 | D:4      | Noticed an ogre
  2724 | D:4      | Reached XP level 5. HP: 23/46 MP: 7/7
  2973 | D:4      | Found a shadowy altar of Dithmenos.
  2984 | D:4      | Mangled by an ogre

Illustrated notes

Levels and vault maps discovered:
D:1:      tarquinn_simple_flora_water_d, layout_rooms
D:2:      layout_basic, ebering_ecumenical_altar_petrified, minmay_pentomino_t2
D:3:      layout_basic, uniq_natasha
D:4:      layout_layer_cave, lemuel_doored_altar, amcnicky_altar_gilded,
          minmay_small_thing, uniq_ijyb

Skill      XL: |  1  2  3  4 |
---------------+-------------+-----
Fighting       | 4 |  4.2
Axes           | 3 |  3.6
Invocations    | 3 |  3.1
Dodging        | |  2.9

Action                   |  1- 3 |  4- 6 || total
-------------------------+-------+-------++-------
Melee: Hand axe          |   101 |    29 ||   130
       Tailslap          |    10 |     1 ||    11
Evoke: Wand              |       |     4 ||     4
  Use: Scroll            |     9 |     5 ||    14
 Stab: Sleeping          |     1 |     1 ||     2
Armor: Skin              |    38 |    11 ||    49
Dodge: Dodged            |    58 |    13 ||    71

Table legend: (Time is in decaauts)
 A = Elapsed time spent in this place.
 B = Non-inter-level travel time spent in this place.
 C = Inter-level travel time spent in this place.
 D = Time resting spent in this place.
 E = Time spent auto-exploring this place.
 F = Levels seen in this place.
 G = Mean time per level.
                   A        B        C        D        E       F      G
               +--------+--------+--------+--------+--------+-----+--------+
         Total |   3018 |   2916 |    102 |    234 |   2223 |   5 |  603.6 |
       Dungeon |   3012 |   2910 |    102 |    234 |   2221 |   4 |  753.0 |
         Abyss |      6 |      6 |      0 |      0 |      2 |   1 |    6.0 |
               +--------+--------+--------+--------+--------+-----+--------+

Top non-repeatable levels by time:
     D:2: 1361 daAuts
     D:3: 721 daAuts
     D:1: 494 daAuts
     D:4: 435 daAuts
 Abyss:1: 6 daAuts
